 Dungeon Crawl Stone Soup version 0.18-a0-1293-g5a2c81a (webtiles) character file.

9 Duffy the Charlatan (level 2, -4/22 HPs)
             Began as a Formicid Artificer on Feb 10, 2016.
             Slain by an iron imp (9 damage)
             ... summoned by Natasha
             ... on level 2 of the Dungeon.
             The game lasted 00:00:36 (706 turns).

Duffy the Charlatan (Formicid Artificer)             Turns: 706, Time: 00:00:36

Health: -4/22      AC:  3    Str: 15    XL:     2   Next: 25%
Magic:  4/4        EV: 12    Int: 11    God:
Gold:   6          SH:  3    Dex: 11    Spells: 0 memorised, 1 level left

rFire  + . .     SeeInvis +     a - +0 short sword
rCold  . . .     Gourm    .     b - +0 leather armour
rNeg   . . .     Faith    .     (no shield)
rPois  .         Spirit   .     (helmet unavailable)
rElec  .         Dismiss  .     (no cloak)
rCorr  .         Reflect  +     (no gloves)
SustAt .         Harm     .     (no boots)
MR     .....                    j - +3 amulet of reflection
Stlth  +.........               (no ring)
                                m - ring of protection from fire

@: not resistant to hostile enchantments, very unstealthy
A: permanent stasis, dig shafts and tunnels, four strong arms, antennae 3
a: Dig, Shaft Self


You were on level 2 of the Dungeon.
You were not hungry.

You visited 1 branch of the dungeon, and saw 2 of its levels.

You collected 6 gold pieces.


Innate Abilities, Weirdness & Mutations

You are under a permanent stasis effect.
You can dig through walls and to a lower floor.
Your four strong arms can wield two-handed weapons with a shield.
You have a pair of large antennae on your head (SInv).


   Skills:
 + Level 2.0 Fighting
 - Level 1.0 Short Blades
 - Level 2.0 Dodging
 - Level 1.2 Stealth
 - Level 3.2 Evocations


You had one spell level left.
You didn't know any spells.

Inventory:

Hand Weapons
 a - a +0 short sword (weapon)
Missiles
 g - 2 exploding tomahawks (quivered)
Armour
 b - a +0 leather armour (worn)
Jewellery
 j - a +3 amulet of reflection (around neck)
 m - a ring of protection from fire (left hand)
Wands
 c - a wand of flame (15/48)
 d - a wand of enslavement (15/24)
 e - a wand of random effects (15/48)
Scrolls
 h - a scroll of noise {unknown}
 k - a scroll of teleportation {unknown}
 l - a scroll of identify {unknown}
Comestibles
 f - 2 bread rations
 i - a beef jerky

Dungeon Overview and Level Annotations

Branches:
Dungeon (2/15)

Altars:

Annotations:
D:2 Natasha


Message History

Natasha zaps a wand.
Your stasis keeps you stable.
You barely miss Natasha.
Natasha is almost dead.
Natasha zaps a wand.
Your stasis keeps you stable.
The iron imp hits you.
You are too injured to fight recklessly!
You are too injured to fight recklessly!
You are too injured to fight recklessly!
You are too injured to fight recklessly!
You are too injured to fight recklessly!
You are too injured to fight recklessly!
You are too injured to fight recklessly!
You are too injured to fight recklessly!
You are too injured to fight recklessly!
You are too injured to fight recklessly!
You are too injured to fight recklessly!
You are too injured to fight recklessly!
You are too injured to fight recklessly!
You are too injured to fight recklessly!
You are too injured to fight recklessly!
You are too injured to fight recklessly!
You are too injured to fight recklessly!
You are too injured to fight recklessly!
You are too injured to fight recklessly!
You are too injured to fight recklessly!
You are too injured to fight recklessly!
You are too injured to fight recklessly!
You are too injured to fight recklessly!
You are too injured to fight recklessly!
You barely miss Natasha.
Natasha is almost dead.
Natasha claws you. The iron imp hits you.
You hit Natasha but do no damage.
Natasha is almost dead.
Natasha claws you. The iron imp hits you!
You die...

..#.. #########.#.#
#.......#.#.#
#.#####.#.#.#
#....<#.#.#.#
#######.#.#.#
........#$#.#########
#...........5@h....).
...######.#.#........
#. #.#.#........
#.#.#....####
#.#.#....# ..#+#....#
##. .....# . .....#


You could see an iron imp and Natasha.

Action                   || total
-------------------------++-------
Melee: Short sword       ||    52

Notes
Turn   | Place    | Note
--------------------------------------------------------------
     0 | D:1      | Duffy the Formicid Artificer began the quest for the Orb.
     0 | D:1      | Reached XP level 1. HP: 15/15 MP: 3/3
   140 | D:1      | Reached skill level 2 in Dodging
   451 | D:1      | Reached XP level 2. HP: 19/22 MP: 4/4
   689 | D:2      | Noticed Natasha
   691 | D:2      | Reached skill level 2 in Fighting
   706 | D:2      | Slain by an iron imp

Vault maps used:
D:1:      dpeg_arrival_shrine, grunt_decor_one_mirror
D:2:      grunt_pakellas_mercury, uniq_jessica, uniq_sigmund, uniq_terence,
          uniq_natasha

Vanquished Creatures
  A hobgoblin
  4 jackals
  2 giant newts
  2 rats
9 creatures vanquished.
